 Dungeon Crawl Stone Soup version 0.16.2-12-gd0ad4c3 (webtiles) character file.

54814 faibistes the Thaumaturge (level 14, -5/79 HPs)
             Began as a Deep Elf Wizard on Dec 17, 2017.
             Was the Champion of Sif Muna.
             Slain by a sixfirhy (7 damage)
             ... on level 8 of the Lair of Beasts.
             The game lasted 01:44:55 (30266 turns).

faibistes the Thaumaturge (Deep Elf Wizard)        Turns: 30266, Time: 01:44:55

Health: -5/79      AC:  8    Str:  4    XL:     14   Next: 36%
Magic:  37/60      EV: 17    Int: 29    God:    Sif Muna [******]
Gold:   1106       SH:  0    Dex: 13    Spells: 10 memorised, 4 levels left

rFire  . . .     SeeInvis .     w - staff of power
rCold  + . .     Clarity  .     C - +1 robe {rC+}
rNeg   . . .     SustAb   .     (no shield)
rPois  .         Gourm    +     b - +0 hat
rElec  .         Spirit   .     Z - +0 cloak
rCorr  .         Warding  .     o - +0 pair of gloves
rMut   .         Stasis   .     y - +2 pair of boots
MR     +....                    X - amulet of the gourmand
Stlth  ++........               e - ring of wizardry
                                Y - ring of magical power

@: deflect missiles, somewhat resistant to hostile enchantments, unstealthy
A: no striking features
a: Channel Energy, Forget Spell, Renounce Religion


You were on level 8 of the Lair of Beasts.
You worshipped Sif Muna.
Sif Muna was exalted by your worship.
You were full.

You visited 3 branches of the dungeon, and saw 22 of its levels.

You collected 1214 gold pieces.
You spent 108 gold pieces at shops.

Inventory:

Armour
 b - a +0 hat (worn)
 o - a +0 pair of gloves (worn)
 y - a +2 pair of boots (worn)
 C - a +1 robe of cold resistance (worn)
 N - the +3 buckler of Keckuu {rPois rF+ MP-9}
   (You found it on level 9 of the Dungeon)

   It protects you from fire.
   It protects you from poison.
   It affects your magic capacity (-9).
 Z - a +0 cloak (worn)
Magical staves
 g - an uncursed staff of death
 w - an uncursed staff of power (weapon)
 D - an uncursed staff of earth {unknown}
Jewellery
 a - an uncursed amulet of clarity {unknown}
 e - a ring of wizardry (right hand)
 h - an uncursed ring of positive energy {unknown}
 x - an uncursed amulet of resist mutation
 F - the ring "Prasa" {+Blink Int+2 Dex+5 Stlth-}
   (You found it on level 7 of the Dungeon)

   [ring of intelligence]

   It affects your intelligence (+2).
   It affects your dexterity (+5).
   It lets you blink.
   It makes you less stealthy.
 J - an uncursed amulet of warding
 L - the amulet of the Air {Inacc +Fly rElec EV+5 RMsl}
   (You found it on level 10 of the Dungeon)

   [amulet of inaccuracy]

   It reduces the accuracy of all your attacks.
   It affects your evasion (+5).
   It insulates you from electricity.
   It lets you fly.
   It protects you from missiles.
 U - an uncursed amulet of stasis {unknown}
 X - an amulet of the gourmand (around neck)
 Y - a ring of magical power (left hand)
Magical devices
 u - a wand of polymorph (13)
 v - a wand of draining (2)
 B - a wand of fireball (1)
 E - a wand of fireball (3)
 G - a wand of digging (16)
 S - a wand of enslavement (1)
Scrolls
 r - 3 scrolls of blinking
 H - 3 scrolls of fog
 M - 3 scrolls of fear
 O - 4 scrolls of teleportation
 Q - a scroll of remove curse
 T - 2 scrolls of recharging
Potions
 f - 3 potions of brilliance
 j - 4 potions of curing
 k - 4 potions of restore abilities
 n - 3 potions of ambrosia
 p - 2 potions of haste
 q - 5 potions of cancellation
 s - 4 potions of flight
 z - a potion of might
 A - 4 potions of invisibility
 I - 2 potions of agility
 K - a potion of heal wounds
Books
 l - a Young Poisoner's Handbook

   Spells                             Type                      Level
   a - Sting                          Conjuration/Poison           1
   b - Cure Poison                    Poison                       2
   c - Mephitic Cloud                 Conjuration/Poison/Air       3
   d - Olgreb's Toxic Radiance        Poison                       4
   e - Venom Bolt                     Conjuration/Poison           5
 t - a book of the Warp

   Spells                             Type                      Level
   a - Recall                         Summoning/Translocation      3
   b - Control Teleport               Charms/Translocation         4
   c - Force Lance                    Conjuration/Translocation    4
   d - Phase Shift                    Translocation                5
   e - Warp Weapon                    Charms/Translocation         5
   f - Gell's Gravitas                Hexes/Translocation          5
   g - Summon Forest                  Summoning/Translocation      5
Comestibles
 c - 17 fruits
 d - 11 bread rations
 i - a beef jerky
 m - 6 meat rations


   Skills:
 + Level 5.8 Fighting
 + Level 9.6 Dodging
 - Level 2.4 Stealth
 * Level 14.6 Spellcasting
 * Level 10.1 Conjurations
 - Level 7.0 Charms
 - Level 5.0 Summonings
   Level 5.2 Necromancy
 - Level 7.0 Translocations
 * Level 10.1 Fire Magic
 - Level 3.1 Ice Magic
 - Level 4.0 Air Magic
 - Level 3.0 Poison Magic
 * Level 9.2 Invocations
 + Level 7.9 Evocations


You had 4 spell levels left.
You knew the following spells:

 Your Spells              Type           Power        Failure   Level  Hunger
a - Magic Dart            Conj           ####         1%          1    None
b - Conjure Flame         Conj/Fire      ######..     1%          3    None
c - Summon Ice Beast      Ice/Summ       #####...     2%          4    None
d - Blink                 Tloc           N/A          1%          2    None
e - Mephitic Cloud        Conj/Pois/Air  ######..     1%          3    None
f - Deflect Missiles      Chrm/Air       ######....   16%         6    ####...
g - Summon Lightning Spi  Summ/Air       #####...     1%          4    None
h - Iskenderun's Battles  Conj/Chrm      ######..     1%          5    None
v - Bolt of Fire          Conj/Fire      ######....   3%          6    ####...
x - Force Lance           Conj/Tloc      ######..     1%          4    None


Dungeon Overview and Level Annotations

Branches:
Dungeon (13/15)            Temple (1/1) D:5            Lair (8/8) D:10
 Shoals (0/5) Lair:6        Snake (0/5) Lair:6        Slime (0/6) Lair:6
    Orc: D:9-12      Vaults: D:13-14

Altars:
Ashenzari
Cheibriados
Dithmenos
Elyvilon
Fedhas
Gozag
Kikubaaqudgha
Makhleb
Nemelex Xobeh
Okawaru
Qazlal
Ru
Sif Muna
Trog
Vehumet
Xom
Yredelemnul
Zin
The Shining One

Shops:
D:10 (

Annotations:
D:8 exclusion: ice statue
D:9 exclusion: 2 oklob saplings


Message History

The orange demon screeches!
The sixfirhy hits you! The sixfirhy shocks you! The blue devil hits you!
The hellwing is engulfed in roaring flames.
The hellwing's corpse armour sloughs away.
The hellwing hits your lightning spire but does no damage. x2
The sixfirhy hits you. The sixfirhy shocks you!
Your lightning spire shoots out a bolt of lightning at the hellwing!
The bolt of electricity hits the hellwing.
You hit the blue devil but do no damage.
The blue devil is almost dead.
The sixfirhy hits you! The sixfirhy shocks you!
* * * LOW HITPOINT WARNING * * *
The sixfirhy hits you!
* * * LOW HITPOINT WARNING * * *
The sixfirhy shocks you!
* * * LOW HITPOINT WARNING * * *
The sixfirhy hits you.
* * * LOW HITPOINT WARNING * * *
The sixfirhy shocks you!
You die...

≈≈ ##########
#≈≈§ ♣♣
#.......)# ....≈
.♣♣
#...8.8..#..34...
..♣
#..8.84@444.4444.
..♣
#...8.8.8#4....4.
.♣♣
#†.8.8...#......
♣♣
♣♣♣♣♣#...8.8..#
##### ♣
..♣.♣#..8.8...+ ♣
♣...♣#........#
♣..♣♣'#########
♣♣♣♣♣.♣♣.♣♣♣
...........♣♣♣


You could see 2 orange demons, a hellwing, a sixfirhy, a smoke demon, 3 blue
devils, 4 red devils and a friendly lightning spire.

Vanquished Creatures
  A dire elephant (Lair:8)
  Harold (Lair:7)
  11 hydras
  14 death yaks
  A wizard (Lair:8)
  3 griffons
  A siren (Lair:6)
  4 elephants (Lair:4)
  5 black mambas
  2 torpor snails
  7 spiny frogs
  9 komodo dragons
  5 fire drakes
  2 polar bears
  A troll (D:10)
  12 blink frogs
  4 basilisks
  A wyvern (Lair:7)
  A spriggan (Lair:4)
  The ghost of faibistes the Cudgeler, an average OgWr (D:7)
  17 yaks
  10 hippogriffs
  7 wolves
  A deep elf fighter (D:10)
  3 sky beasts
  14 water moccasins
  3 ice beasts
  The ghost of faibistes the Cudgeler, an average OgWr (D:3)
  10 porcupines
  4 wandering mushrooms (D:9)
  2 orc warriors
  3 black bears
  4 ogres
  3 centaurs
  8 crocodiles
  A big kobold (D:7)
  A gnoll sergeant (D:7)
  11 giant frogs
  A wyvern zombie (D:7)
  2 scorpions
  3 killer bees (D:8)
  2 vampire bats (Lair:5)
  An electric eel (Lair:4)
  8 crimson imps
  A giant frog zombie (D:8)
  A goliath beetle (D:9)
  11 jellies
  A quasit (D:8)
  10 hounds
  8 iguanas
  A giant frog skeleton (D:7)
  3 orc priests
  2 centaur skeletons
  A sheep (Lair:3)
  Natasha (thrice) (D:3)
  8 orc wizards
  8 worker ants
  A killer bee zombie (D:8)
  Ijyb (D:2)
  Jessica (D:2)
  A hound skeleton (D:9)
  Terence (D:3)
  17 adders
  5 gnolls (D:7)
  32 river rats
  A shadow imp (D:10)
  3 giant mites
  3 worms
  2 adder zombies
  An adder skeleton (D:5)
  12 giant geckos
  6 oozes
  28 orcs
  2 bat skeletons (D:6)
  8 giant cockroaches
  10 goblins
  12 hobgoblins
  17 jackals
  13 quokkas
  2 ball pythons
  24 bats
  A giant gecko skeleton (D:5)
  5 giant newts
  A hobgoblin zombie (D:10)
  A jackal zombie (D:5)
  19 kobolds
  18 rats
512 creatures vanquished.

Vanquished Creatures (collateral kills)
  A hydra (Lair:4)
  The ghost of faibistes the Thaumaturge, a powerful DEWz of Sif Muna (Lair:5)
  The ghost of pedritolo the Jinx, a powerful SpEn of Dithmenos (D:13)
  The ghost of faibistes the Thaumaturge, a powerful DEWz of Sif Muna (D:9)
  5 death yaks
  2 hill giants
  4 oklob plants
  12 spiny frogs
  A komodo dragon (Lair:5)
  A blink frog (Lair:7)
  A basilisk (Lair:7)
  A trapdoor spider (D:12)
  2 hungry ghosts
  A wolf (Lair:2)
  10 yaks
  Menkaure (D:7)
  A porcupine (Lair:6)
  A sky beast (D:13)
  An ice beast (D:8)
  An orc warrior (D:13)
  2 phantoms
  A big kobold (D:8)
  4 crocodiles
  3 giant frogs
  7 killer bees (D:8)
  A vampire bat (Lair:5)
  A crimson imp (D:9)
  2 orc priests
  An iguana (Lair:6)
  An iron imp (Lair:5)
  An orc wizard (D:7)
  3 worker ants
  2 hounds (D:8)
  9 sheep (Lair:3)
  A mummy (D:8)
  35 river rats
  An adder (D:1)
  A giant mite (D:8)
  8 orcs
  A hobgoblin (D:10)
  5 jackals
  3 kobolds (D:8)
  A quokka (Lair:1)
  2 bats (D:10)
  4 giant newts (D:1)
  9 rats
  2 ballistomycetes (D:10)
  2 butterflies (D:8)
  5 fungi
  4 plants
171 creatures vanquished.

Vanquished Creatures (others)
  14 ice beasts
  10 lightning spires
  An orc wizard (D:5)
  A giant spore (D:10)
  29 fungi
  13 plants
68 creatures vanquished.

Grand Total: 751 creatures vanquished

Notes
Turn   | Place    | Note
--------------------------------------------------------------
     0 | D:1      | faibistes, the Deep Elf Wizard, began the quest for the Orb.
     0 | D:1      | Reached XP level 1. HP: 10/10 MP: 6/6
   237 | D:2      | Reached XP level 2. HP: 15/15 MP: 3/9
   260 | D:2      | Noticed Ijyb
   272 | D:1      | Learned a level 2 spell: Blink
   874 | D:1      | Learned a level 2 spell: Call Imp
   948 | D:1      | Reached skill level 5 in Spellcasting
  1081 | D:1      | Reached XP level 3. HP: 19/19 MP: 7/14
  1086 | D:1      | Learned a level 3 spell: Conjure Flame
  1090 | D:1      | Learned a level 3 spell: Mephitic Cloud
  1330 | D:3      | Noticed Terence
  1335 | D:3      | Noticed faibistes' ghost (average OgWr)
  1702 | D:2      | Killed Ijyb
  1740 | D:2      | Reached XP level 4. HP: 24/24 MP: 3/17
  1777 | D:2      | Learned a level 2 spell: Repel Missiles
  2111 | D:2      | Noticed Jessica
  2118 | D:2      | Killed Jessica
  2803 | D:3      | Found a glowing golden altar of the Shining One.
  2886 | D:3      | Killed faibistes' ghost
  2886 | D:3      | Reached skill level 6 in Spellcasting
  2886 | D:3      | Reached XP level 5. HP: 25/28 MP: 16/20
  3298 | D:3      | Reached XP level 6. HP: 32/32 MP: 19/22
  3341 | D:3      | Noticed Natasha
  3346 | D:3      | Killed Natasha
  3395 | D:3      | Found a shattered altar of Ashenzari.
  3441 | D:3      | Found a bloodstained altar of Trog.
  3500 | D:3      | Killed Terence
  3500 | D:3      | Reached skill level 7 in Spellcasting
  3633 | D:3      | Noticed Natasha
  3634 | D:3      | Killed Natasha
  3811 | D:3      | Noticed Natasha
  3813 | D:3      | Killed Natasha
  4043 | D:4      | Noticed a black bear
  4051 | D:4      | Killed a black bear
  4246 | D:4      | Reached XP level 7. HP: 37/37 MP: 13/25
  4326 | D:5      | Entered Level 5 of the Dungeon
  4435 | D:4      | Reached skill level 1 in Fighting
  4435 | D:4      | Reached skill level 8 in Spellcasting
  4435 | D:4      | Reached skill level 1 in Evocations
  4843 | D:4      | Found a sparkling altar of Nemelex Xobeh.
  4966 | D:4      | Noticed an ogre
  4985 | D:4      | Killed an ogre
  5670 | D:5      | Found a snail-covered altar of Cheibriados.
  5978 | D:5      | Identified a scroll of acquirement
  6355 | D:5      | Reached XP level 8. HP: 39/45 MP: 27/27
  6376 | D:5      | Reached skill level 5 in Dodging
  6681 | D:5      | Found a staircase to the Ecumenical Temple.
  6687 | Temple   | Entered the Ecumenical Temple
  6749 | Temple   | Became a worshipper of Sif Muna the Loreminder
  7002 | D:6      | Reached skill level 9 in Spellcasting
  7414 | D:6      | Found an opulent altar of Gozag.
  7424 | D:6      | Reached skill level 1 in Fire Magic
  7424 | D:6      | Reached skill level 1 in Air Magic
  7659 | D:7      | Noticed Menkaure
  7867 | D:7      | Found a burning altar of Makhleb.
  7882 | D:7      | Reached skill level 1 in Poison Magic
  7909 | D:7      | Acquired Sif Muna's first power
  8124 | D:7      | Got a clouded iron ring
  8125 | D:7      | Identified the ring "Prasa" {+Blink Int+2 Dex+5 Stlth-} (You found it on level 7 of the Dungeon)
  8395 | D:7      | Reached skill level 5 in Conjurations
  8467 | D:7      | Noticed faibistes' ghost (average OgWr)
  8525 | D:7      | Learned a level 4 spell: Summon Lightning Spire
  8736 | D:7      | Reached XP level 9. HP: 38/50 MP: 29/29
  8814 | D:7      | Killed Menkaure
  8986 | D:7      | Killed faibistes' ghost
  9427 | D:8      | Found a stormy altar of Qazlal.
  9479 | D:9      | Acquired Sif Muna's second power
  9479 | D:9      | Reached skill level 10 in Spellcasting
 10147 | D:7      | Found a white marble altar of Elyvilon.
 10302 | D:8      | Learned a level 4 spell: Summon Ice Beast
 10308 | D:8      | Learned a level 5 spell: Bolt of Draining
 10315 | D:8      | Found a shimmering altar of Xom.
 10616 | D:8      | Found an iron altar of Okawaru.
 10686 | D:8      | Reached skill level 1 in Ice Magic
 10689 | D:8      | Reached skill level 1 in Necromancy
 10982 | D:8      | Noticed an ice statue
 11422 | D:9      | Reached skill level 1 in Charms
 11422 | D:9      | Reached skill level 1 in Invocations
 11532 | D:9      | Got a dazzling buckler
 11678 | D:10     | Entered Level 10 of the Dungeon
 11815 | D:10     | Reached XP level 10. HP: 56/56 MP: 31/31
 12299 | D:9      | Found a blossoming altar of Fedhas.
 12666 | D:13     | Noticed pedritolo's ghost (powerful SpEn)
 12720 | D:13     | Killed pedritolo's ghost
 12940 | D:13     | Noticed a hill giant
 12949 | D:13     | Killed a hill giant
 13501 | D:9      | Noticed faibistes' ghost (powerful DEWz)
 13521 | D:9      | Killed faibistes' ghost
 13521 | D:9      | Acquired Sif Muna's third power
 13681 | D:9      | Reached skill level 11 in Spellcasting
 13729 | D:9      | Found a basalt altar of Yredelemnul.
 13861 | D:9      | Found a shadowy altar of Dithmenos.
 14047 | D:10     | Reached skill level 5 in Summonings
 14193 | D:10     | Found Siuvusia's Antique Weapon Emporium.
 14198 | D:10     | Bought a glowing quarterstaff for 108 gold pieces
 14203 | D:10     | Identified the +3 buckler of Keckuu {rPois rF+ MP-9} (You found it on level 9 of the Dungeon)
 14375 | D:10     | Noticed a hill giant
 14387 | D:10     | Killed a hill giant
 14861 | D:10     | Found a staircase to the Lair.
 14971 | Lair:1   | Entered Level 1 of the Lair of Beasts
 15153 | Lair:1   | Reached XP level 11. HP: 46/60 MP: 32/33
 15324 | Lair:1   | Identified the Incunabulum of the Unstable Snowflakes
 15330 | Lair:1   | Learned a level 4 spell: Throw Icicle
 15801 | Lair:2   | Reached skill level 5 in Necromancy
 16135 | Lair:1   | Noticed a six-headed hydra
 16145 | Lair:1   | Killed a six-headed hydra
 16145 | Lair:1   | Reached skill level 5 in Fire Magic
 16420 | Lair:1   | Noticed a six-headed hydra
 16436 | Lair:1   | Killed a six-headed hydra
 16687 | Lair:1   | Identified the Guide on Sinister Magic (You found it on level 1 of the Lair of Beasts)
 17569 | Lair:2   | Reached skill level 12 in Spellcasting
 17916 | Lair:2   | Reached skill level 5 in Invocations
 18677 | Lair:3   | Noticed a death yak
 18677 | Lair:3   | Noticed a death yak
 18677 | Lair:3   | Noticed a death yak
 18677 | Lair:3   | Noticed a death yak
 18677 | Lair:3   | Noticed a death yak
 18678 | Lair:3   | Noticed a death yak
 18686 | Lair:3   | Killed a death yak
 18686 | Lair:3   | Reached skill level 5 in Evocations
 18697 | Lair:3   | Killed a death yak
 18750 | Lair:2   | Killed a death yak
 18936 | Lair:2   | Killed a death yak
 18936 | Lair:2   | Received a gift from Sif Muna
 18937 | Lair:2   | Identified Sif Muna's Grimoire of Aid (Sif Muna gifted it to you on level 2 of the Lair of Beasts)
 19050 | Lair:2   | Learned a level 6 spell: Deflect Missiles
 19057 | Lair:2   | Learned a level 5 spell: Iskenderun's Battlesphere
 19139 | Lair:2   | Killed a death yak
 19139 | Lair:2   | Reached XP level 12. HP: 41/66 MP: 28/35
 19141 | Lair:2   | Killed a death yak
 19141 | Lair:2   | Reached skill level 5 in Charms
 20535 | Lair:5   | Noticed faibistes' ghost (powerful DEWz)
 20655 | Lair:4   | Reached skill level 5 in Translocations
 20872 | Lair:5   | Killed faibistes' ghost
 20976 | Lair:6   | Noticed a seven-headed hydra
 20982 | Lair:6   | Killed a seven-headed hydra
 21434 | Lair:7   | Reached skill level 13 in Spellcasting
 21606 | Lair:8   | Entered Level 8 of the Lair of Beasts
 22568 | Lair:5   | Noticed a seven-headed hydra
 22577 | Lair:5   | Killed a seven-headed hydra
 22832 | Lair:6   | Found a staircase to the Snake Pit.
 22851 | Lair:4   | Noticed a seven-headed hydra
 23060 | Lair:4   | Reached XP level 13. HP: 72/72 MP: 36/36
 23340 | Lair:4   | Reached skill level 5 in Fighting
 23524 | Lair:4   | Killed a seven-headed hydra
 25610 | Lair:7   | Noticed a four-headed hydra
 25616 | Lair:7   | Killed a four-headed hydra
 25861 | Lair:6   | Noticed a six-headed hydra
 25868 | Lair:6   | Killed a six-headed hydra
 25868 | Lair:6   | Received a gift from Sif Muna
 25869 | Lair:6   | Identified Sif Muna's Almanac of Flying Confrontation (Sif Muna gifted it to you on level 6 of the Lair of Beasts)
 25980 | Lair:6   | Found a staircase to the Slime Pits.
 26127 | Lair:6   | Noticed an eight-headed hydra
 26144 | Lair:6   | Killed an eight-headed hydra
 26144 | Lair:6   | Reached skill level 14 in Spellcasting
 26302 | Lair:6   | Found a staircase to the Shoals.
 26459 | Lair:6   | Noticed a four-headed hydra
 26468 | Lair:6   | Killed a four-headed hydra
 26547 | Lair:6   | Found a blossoming altar of Fedhas.
 26990 | Lair:2   | Learned a level 6 spell: Bolt of Fire
 27352 | Lair:7   | Noticed Harold
 27360 | Lair:7   | Killed Harold
 28134 | Lair:8   | Reached XP level 14. HP: 78/78 MP: 28/38
 28686 | Lair:8   | Noticed a four-headed hydra
 28689 | Lair:8   | Killed a four-headed hydra
 28818 | Lair:8   | Noticed a six-headed hydra
 28827 | Lair:8   | Killed a six-headed hydra
 28944 | Lair:8   | Noticed a dire elephant
 28965 | Lair:8   | Killed a dire elephant
 29388 | Lair:8   | Reached skill level 10 in Conjurations
 29388 | Lair:8   | Reached skill level 10 in Fire Magic
 29922 | Lair:8   | Received a gift from Sif Muna
 29930 | Lair:8   | Learned a level 4 spell: Force Lance
 30258 | Lair:8   | Found a burning altar of Makhleb.
 30266 | Lair:8   | HP: 2/79 [sixfirhy (2)]
 30266 | Lair:8   | Slain by a sixfirhy

Action                   |  1- 3 |  4- 6 |  7- 9 | 10-12 | 13-15 || total
-------------------------+-------+-------+-------+-------+-------++-------
Melee: Dagger            |    10 |    21 |     4 |       |       ||    35
       Staff             |       |       |    11 |    27 |     3 ||    41
 Cast: Magic Dart        |    73 |   129 |   484 |   274 |    55 ||  1015
       Call Imp          |     8 |     3 |       |       |       ||    11
       Mephitic Cloud    |     2 |     8 |    43 |    20 |     6 ||    79
       Conjure Flame     |       |     6 |    44 |    55 |    76 ||   181
       Repel Missiles    |       |     1 |     3 |       |       ||     4
       Blink             |       |     5 |    21 |    24 |     7 ||    57
       Summon Lightning  |       |       |    13 |    25 |    19 ||    57
       Summon Ice Beast  |       |       |     8 |   143 |    18 ||   169
       Bolt of Draining  |       |       |     2 |   109 |    75 ||   186
       Throw Icicle      |       |       |       |     9 |       ||     9
       Deflect Missiles  |       |       |       |     1 |     1 ||     2
       Iskenderun's Batt |       |       |       |    19 |    14 ||    33
       Bolt of Fire      |       |       |       |       |    77 ||    77
Invok: Forget Spell      |       |       |       |     3 |     1 ||     4
       Channel Energy    |       |       |       |     7 |       ||     7
Evoke: Wand              |       |       |     1 |     2 |       ||     3
  Use: Scroll            |     3 |     2 |    13 |    15 |     2 ||    35
       Potion            |       |       |       |     3 |       ||     3
 Stab: Sleeping          |       |     1 |       |       |       ||     1
       Confused          |       |       |     2 |       |       ||     2
  Eat: Chunk             |     2 |     8 |    23 |    51 |    29 ||   113
       Fruit             |       |       |       |     4 |       ||     4
